 Dungeon Crawl Stone Soup version 0.28-a0-655-g4eb62b627b (webtiles) character file.

Game seed: 14162855312525192543

19 AlleluiaPinecone the Sneak (level 2, 0/15 HPs)
             Began as a Vine Stalker Brigand on Oct 12, 2021.
             Was a Follower of Nemelex Xobeh.
             Slain by a worm (8 damage)
             ... on level 2 of the Dungeon.
             The game lasted 00:01:22 (728 turns).

AlleluiaPinecone the Sneak (Vine Stalker Brigand)    Turns: 728, Time: 00:01:23

Health: 0/15       AC:  3    Str: 13    XL:     2   Next: 75%
Magic:  0/3        EV: 11    Int: 11    God:    Nemelex Xobeh [*.....]
Gold:   76         SH:  0    Dex: 15    Spells: 1/1 levels left

rFire   . . .      SeeInvis .   a - +2 dagger
rCold   . . .      Faith    .   (no shield)
rNeg    . . .      Spirit   +   b - +0 robe
rPois   .          Reflect  .   (no helmet)
rElec   .          Harm     .   c - +0 cloak
rCorr   .          Rampage  .   (no gloves)
Will    .....                   (no boots)
Stlth   +++.......              (no amulet)
HPRegen 0.05/turn               (no ring)
MPRegen 0.08/turn               (no ring)

@: no status effects
A: fangs 2, magic shield, antimagic bite, no potion heal 2
a: Renounce Religion, Draw Escape, Draw Destruction, Draw Summoning


You were on level 2 of the Dungeon.
You worshipped Nemelex Xobeh.
Nemelex Xobeh was aware of your devotion.
You visited 1 branch of the dungeon, and saw 2 of its levels.

You collected 76 gold pieces.

Inventory:

Hand Weapons
 a - a +2 dagger (weapon)
Missiles
 d - 8 poisoned darts (quivered)
 e - 2 curare-tipped darts
 f - 34 stones
Armour
 b - a +0 robe (worn)
 c - a +0 cloak (worn)
Potions
 g - a potion of invisibility {unknown}
 h - a potion of flight {unknown}
 i - a potion of heal wounds {unknown}


   Skills:
 + Level 1.8 Fighting
 + Level 2.1 Short Blades
 + Level 1.8 Throwing
 + Level 0.8 Dodging
 + Level 5.4 Stealth


You had one spell level left.
You didn't know any spells.
Your spell library was empty.

Dungeon Overview and Level Annotations

Branches:
Dungeon (2/15)

Altars:
Nemelex Xobeh


Innate Abilities, Weirdness & Mutations

You have extremely sharp teeth.
When hurt, damage is shared between your health and your magic reserves.
Your bite disrupts and absorbs the magic of your enemies.
Potions cannot restore your health.


Message History

The goblin hits you but does no damage.
You see here a +0 robe.
You closely miss the goblin. You bite the goblin.
You kill the goblin!
You hit the rat but do no damage. The rat bites you.
You hit the rat but do no damage. You bite the rat.
You kill the rat!
No target in view!
No target in view!
No target in view!
No target in view!
No target in view!
No target in view!
No target in view!
No target in view!
No target in view!
No target in view!
No target in view!
You see here a +0 robe.
HP restored.
Found a stone staircase leading down.
Found a glowing ring mail.
A worm comes into view.
The worm bites you!
You hit the worm. You bite the worm. You drain its power.
You feel invigorated.
The worm is moderately wounded.
The worm bites you but does no damage.
You hit the worm.
The worm is moderately wounded.
You hit the worm.
The worm is severely wounded.
The worm bites you.
You hit the worm.
The worm is almost dead.
You hit the worm. Your bite misses the worm.
The worm is almost dead.
The worm bites you!
Ouch! That really hurt!
You die...
Your body glows slightly and disappears.

#.# ## #.# .#
#.# .# ##.######
.# #.......#
.#####...###.#
####
......###.##.#
....# .###.##
##.#.#####.....#
.# #.#
#......@w.....#
.# #.#
#.#.#####.....#
.# ##.###.##.#
....# .#
#...###.# .###
.# #.......# #
.# ##...##### .#
##.....##
####.......##
###.........#


You could see a worm.

Vanquished Creatures
  2 ball pythons (D:1)
  2 bats (D:1)
  2 endoplasms (D:1)
  2 goblins
  3 hobgoblins (D:1)
  2 quokkas
  3 kobolds
  2 rats
18 creatures vanquished.

Notes
Turn   | Place    | Note
-------+----------+-------------------------------------------
     0 | D:1      | AlleluiaPinecone the Vine Stalker Brigand began the quest
                  | for the Orb.
     0 | D:1      | Reached XP level 1. HP: 11/11 MP: 2/2
    29 | D:1      | Reached skill level 5 in Stealth
   138 | D:1      | Found a faded altar of an unknown god.
   143 | D:1      | Reached XP level 2. HP: 13/15 MP: 3/3
   171 | D:1      | Prayed at the altar of an unknown god.
   171 | D:1      | Became a worshipper of Nemelex Xobeh the Trickster
   171 | D:1      | Reached * piety under Nemelex Xobeh
   171 | D:1      | Received a gift from Nemelex Xobeh
   728 | D:2      | Slain by a worm

Illustrated notes

Levels and vault maps discovered:
D:1:      nzn_arrival_water_spiral, layout_basic,
          hellmonk_ecumenical_altar_heavens_door
D:2:      layout_loops_corners, uniq_jessica

Skill      XL: |  1  2 |
---------------+-------+-----
Stealth        | 5 |  5.4
Short Blades   | 2 |  2.1
Fighting       | |  1.8
Throwing       | |  1.8
Dodging        | |  0.8

Action                   || total
-------------------------++-------
Melee: Dagger            ||    53
       Bite              ||    16
 Stab: Sleeping          ||     2
Armor: Robe              ||    12
Dodge: Dodged            ||    21

Table legend: (Time is in decaauts)
 A = Elapsed time spent in this place.
 B = Non-inter-level travel time spent in this place.
 C = Inter-level travel time spent in this place.
 D = Time resting spent in this place.
 E = Time spent auto-exploring this place.
 F = Levels seen in this place.
 G = Mean time per level.
                   A        B        C        D        E       F      G
               +--------+--------+--------+--------+--------+-----+--------+
         Total |    727 |    712 |     15 |      0 |    570 |   2 |  363.5 |
       Dungeon |    727 |    712 |     15 |      0 |    570 |   2 |  363.5 |
               +--------+--------+--------+--------+--------+-----+--------+

Top non-repeatable levels by time:
     D:1: 623 daAuts
     D:2: 103 daAuts
